 Dungeon Crawl Stone Soup version 0.31-a0-876-gfe8ebadbca (webtiles) character file.

Game seed: 5740539750612093103

742 IndexError the Digger (level 7, 0/36 HPs)
             Began as a Gargoyle Earth Elementalist on Oct 13, 2023.
             Killed from afar by a white imp (8 damage)
             ... with a puff of frost
             ... on level 6 of the Dungeon.
             The game lasted 00:04:24 (4819 turns).

IndexError the Digger (Gargoyle Earth Elementalist) Turns: 4819, Time: 00:04:24

Health: 0/36       AC:  6    Str: 12    XL:     7   Next: 76%
Magic:  7/15       EV: 11    Int: 23    God:
Gold:   217        SH:  0    Dex: 10    Spells: 9/17 levels left

rFire   + . .        m - +0 orcbow
rCold   . . .        (shield currently unavailable)
rNeg    + . .        a - +0 robe
rPois   ∞            (no helmet)
rElec   +            (no cloak)
rCorr   .            (no gloves)
SInv    .            (no boots)
Will    .....        (no amulet)
Stlth   ++           h - ring of protection from fire {rF+, !d}
HPRegen 0.26/turn    s - +6 ring of intelligence
MPRegen 0.14/turn

%: no passive effects
@: no status effects
A: sickness immunity, AC +4, negative energy resistance 1, electricity
resistance, torment resistance 1, petrification resistance
a: no special abilities


You were on level 6 of the Dungeon.
You visited 1 branch of the dungeon, and saw 5 of its levels.

You collected 217 gold pieces.

Inventory:

Hand Weapons
 c - a +0 dagger
   (You found it on level 1 of the Dungeon)
 m - a +0 orcbow (weapon)
   (You found it on level 2 of the Dungeon)
Missiles
 l - 9 boomerangs
 q - 5 curare-tipped darts
Armour
 a - a +0 robe (worn)
Jewellery
 h - a ring of protection from fire (left hand) {rF+, !d}
   (You found it on level 2 of the Dungeon)
 s - a +6 ring of intelligence (right hand)
   (You found it on level 4 of the Dungeon)
 t - an amulet of faith {Faith, !P}
   (You found it on level 4 of the Dungeon)
Wands
 n - a wand of polymorph (8)
   (You took it off Natasha on level 2 of the Dungeon)
Scrolls
 e - 4 scrolls of identify {unknown}
 f - 2 scrolls of enchant armour {unknown}
 g - a scroll of torment {unknown}
 o - a scroll of fog {unknown}
 r - a scroll of revelation {unknown}
Potions
 b - a potion of magic
 d - a potion of invisibility {unknown}
 i - a potion of mutation {unknown}
 j - a potion of haste {unknown}
 k - a potion of brilliance {unknown}
 p - 2 potions of curing {unknown}


   Skills:
 - Level 1.5 Dodging
 - Level 2.1 Stealth
 + Level 5.7 Spellcasting
 - Level 0.7 Transmutations
 + Level 7.9 Earth Magic


You had 9 spell levels left.
You knew the following spells:

 Your Spells              Type           Power      Damage    Failure   Level
a - Sandblast             Erth           86%        2d18      1%          1
c - Petrify               Tmut/Erth      26%        N/A       14%         4
x - Stone Arrow           Conj/Erth      48%        3d10      5%          3

Your spell library contained the following spells:

 Spells                   Type           Power      Damage    Failure   Level
 Passwall                 Tmut/Erth      21%        N/A       2%          2
 Brom's Barrelling Bould  Conj/Erth      24%        2d5       17%         4


Dungeon Overview and Level Annotations

Branches:
Dungeon (6/15)
 Temple: D:4-7

Altars:
Okawaru
Sif Muna

Annotations:
D:6 Jeremiah


Innate Abilities, Weirdness & Mutations

You are immune to sickness and miasma.
Your stone body is resilient. (AC +4)
You are immune to poison.
You resist negative energy. (rN+)
You are resistant to electric shocks. (rElec)
You are resistant to unholy torment.
You are immune to petrification.


Message History

Aim: a centaur, wielding a +0 orcbow (90% to hit)
The blast of sand hits the centaur!!
The centaur shoots an arrow.
The arrow misses you.
The centaur shoots an arrow.
The arrow hits you!
You take 15 damage, and have 12/36 hp.
MASSIVE DAMAGE!!
You now have 13/14 mp.
Casting: Sandblast (safe; 1% risk of failure)
Confirm with . or Enter, or press ? or * to list all spells.
Aiming: Sandblast (safe; 1% risk of failure)
Press: ? - help, Shift-Dir - straight line, f/p - centaur
Aim: a centaur, wielding a +0 orcbow (almost dead, 90% to hit)
The blast of sand hits the centaur!
A water moccasin comes into view.
You now have 12/14 mp.
Casting: Sandblast (safe; 1% risk of failure)
Confirm with . or Enter, or press ? or * to list all spells.
Aiming: Sandblast (safe; 1% risk of failure)
Press: ? - help, Shift-Dir - straight line, f - hound
Aim: a hound (79% to hit)
The blast of sand hits the hound!!
The water moccasin hisses angrily.
You hear a shout!
You now have 11/15 mp.
Casting: Sandblast (safe; 1% risk of failure)
Confirm with . or Enter, or press ? or * to list all spells.
Aiming: Sandblast (safe; 1% risk of failure)
Press: ? - help, Shift-Dir - straight line, f - water moccasin
Aim: a water moccasin (75% to hit)
The blast of sand hits the water moccasin!
A gnoll comes into view. It is wielding a +0 halberd.
You now have 10/15 mp.
Casting: Sandblast (safe; 1% risk of failure)
Confirm with . or Enter, or press ? or * to list all spells.
Aiming: Sandblast (safe; 1% risk of failure)
Press: ? - help, Shift-Dir - straight line, f/p - water moccasin
Aim: a water moccasin (severely wounded, 75% to hit)
The blast of sand hits the water moccasin!
Casting: Sandblast (safe; 1% risk of failure)
Confirm with . or Enter, or press ? or * to list all spells.
You can't see any susceptible monsters within range! (Use Z to cast anyway.)
A gnoll comes into view. It is wielding a +0 spear.
Casting: Sandblast (safe; 1% risk of failure)
Confirm with . or Enter, or press ? or * to list all spells.
Aiming: Sandblast (safe; 1% risk of failure)
Press: ? - help, Shift-Dir - straight line, f - gnoll
Aim: a gnoll, wielding a +0 halberd (87% to hit)
The blast of sand hits the gnoll!!
The gnoll shouts!
You hear a shout! x2
A gnoll bouda comes into view. It is wielding a +0 whip.
You now have 9/15 mp.
Casting: Sandblast (safe; 1% risk of failure)
Confirm with . or Enter, or press ? or * to list all spells.
You can't see any susceptible monsters within range! (Use Z to cast anyway.)
The gnoll bouda barks out a call to the hunt!
The gnoll picks up the pace!
A gnoll comes into view. It is wielding a +0 whip.
A gnoll comes into view. It is wielding a +0 whip.
The gnoll shouts!
You see here 9 gold pieces.
The gnoll attacks as it pursues you!
The gnoll hits you from afar with a +0 spear.
You take 3 damage, and have 13/36 hp.
A white imp comes into view.
The gnoll hits you from afar with a +0 spear.
You take 1 damage, and have 12/36 hp.
Casting: Sandblast (safe; 1% risk of failure)
Confirm with . or Enter, or press ? or * to list all spells.
Aiming: Sandblast (safe; 1% risk of failure)
Press: ? - help, Shift-Dir - straight line, f - gnoll
Aim: a gnoll, wielding a +0 spear (covering ground quickly, 87% to hit)
The blast of sand hits the gnoll!!
A gnoll comes into view. It is wielding a +0 club.
You now have 9/15 mp.
Casting: Sandblast (safe; 1% risk of failure)
Confirm with . or Enter, or press ? or * to list all spells.
Aiming: Sandblast (safe; 1% risk of failure)
Press: ? - help, Shift-Dir - straight line, f - gnoll
Aim: a gnoll, wielding a +0 whip (covering ground quickly, 87% to hit)
The blast of sand hits the gnoll!!
The gnoll shouts!
The gnoll hits you with a +0 whip.
* * * LOW HITPOINT WARNING * * *
You take 4 damage, and have 9/36 hp.
Casting: Sandblast (safe; 1% risk of failure)
Confirm with . or Enter, or press ? or * to list all spells.
Aiming: Sandblast (safe; 1% risk of failure)
Press: ? - help, Shift-Dir - straight line, f - gnoll
Aim: a gnoll, wielding a +0 whip (covering ground quickly, 87% to hit)
The blast of sand hits the gnoll!!
You now have 8/15 mp.
Casting: Sandblast (safe; 1% risk of failure)
Confirm with . or Enter, or press ? or * to list all spells.
Aiming: Sandblast (safe; 1% risk of failure)
Press: ? - help, Shift-Dir - straight line, f - gnoll bouda
Aim: a gnoll bouda, wielding a +0 whip and wearing a +0 leather armour (87% to hit)
The blast of sand hits the gnoll bouda!
The white imp shouts!
The gnoll is no longer moving quickly.
The gnoll bouda hits you with a +0 whip.
* * * LOW HITPOINT WARNING * * *
The white imp gestures at you. The puff of frost hits you!
You die...

.....................#
#!...............######
##.....................#
#..................###.#
.................#...#
........$........###.#
.......g.#.......# ##
....###g#######..# ....
#@# #..#
..............#..#
......###.###.....
.5..#. ..$ ... . ##. ##
#. .. # .


You could see a gnoll bouda, a gnoll and a white imp.

Vanquished Creatures
  A water moccasin (D:6)
  A centaur (D:6)
  2 phantoms
  2 scorpions (D:4)
  A hound (D:6)
  Natasha (thrice) (D:2)
  An iguana (D:3)
  3 adders
  7 gnolls
  4 dart slugs
  3 ball pythons
  6 endoplasms
  2 giant cockroaches (D:3)
  11 goblins
  7 hobgoblins
  7 jackals (D:2)
  5 kobolds
  2 quokkas
  4 bats
  6 frilled lizards
  3 rats
81 creatures vanquished.

Notes
Turn   | Place    | Note
-------+----------+-------------------------------------------
     0 | D:1      | IndexError the Gargoyle Earth Elementalist began the quest
                  | for the Orb.
     0 | D:1      | Reached XP level 1. HP: 10/10 MP: 3/3
   161 | D:1      | Reached skill level 4 in Earth Magic
   161 | D:1      | Reached XP level 2. HP: 15/15 MP: 0/5
   956 | D:1      | Reached XP level 3. HP: 19/19 MP: 4/6
  1577 | D:2      | Reached skill level 3 in Spellcasting
  1579 | D:2      | Reached XP level 4. HP: 24/24 MP: 1/8
  1583 | D:2      | Learned a level 3 spell: Stone Arrow
  1588 | D:2      | Learned a level 4 spell: Petrify
  1762 | D:2      | Reached skill level 5 in Earth Magic
  1933 | D:2      | Noticed a phantom
  2144 | D:2      | Noticed Natasha
  2148 | D:2      | Killed Natasha
  2149 | D:2      | Reached XP level 5. HP: 22/28 MP: 5/10
  2471 | D:2      | Killed a phantom
  2472 | D:2      | Reached skill level 4 in Spellcasting
  2743 | D:2      | Noticed Natasha
  2745 | D:2      | Killed Natasha
  2746 | D:2      | Reached skill level 6 in Earth Magic
  2746 | D:2      | Reached XP level 6. HP: 32/32 MP: 9/12
  3120 | D:2      | Noticed Natasha
  3129 | D:2      | HP: 8/32 [Natasha/magic dart (6)]
  3201 | D:2      | Killed Natasha
  4090 | D:3      | Found an iron altar of Okawaru.
  4639 | D:4      | Reached XP level 7. HP: 36/36 MP: 14/14
  4679 | D:4      | Reached skill level 7 in Earth Magic
  4687 | D:4      | Found a shimmering blue altar of Sif Muna.
  4733 | D:4      | Reached skill level 5 in Spellcasting
  4791 | D:4      | You fall into a shaft and drop 2 floors!
  4799 | D:6      | Noticed Jeremiah
  4817 | D:6      | HP: 9/36 [gnoll/+0 whip[a gnoll bouda] (4)]
  4819 | D:6      | Killed from afar by a white imp

Illustrated notes

Levels and vault maps discovered:
D:1:      ebering_hopf_link, layout_basic, minmay_misc_feat_diagonals
D:2:      layout_basic, grunt_ministairs_9, minmay_misc_feat_secret_circle,
          uniq_natasha
D:3:      layout_loops_ring, okawaru_gym_becter
D:4:      layout_basic, mainiacjoe_overflow_chevrons, roderic_lattice_a,
          kennysheep_generic_room_2
D:6:      layout_rooms, nicolae_gozag_cash_rules_everything_around_me,
          uniq_jeremiah

Skill      XL: |  1  2  3  4  5  6  7 |
---------------+----------------------+-----
Earth Magic    | 4 5 6 7 |  7.9
Spellcasting   | 3 4 5 |  5.7
Dodging        | |  1.5
Stealth        | |  2.1
Transmutations | |  0.7

Action                     |  1- 3 |  4- 6 |  7- 9 || total
---------------------------+-------+-------+-------++-------
  Melee: Dagger            |    10 |     3 |       ||    13
         Unarmed           |       |     5 |       ||     5
   Fire: Orcbow            |       |    13 |     6 ||    19
   Cast: Sandblast         |    44 |    45 |    16 ||   105
   Stab: Sleeping          |       |     1 |       ||     1
 Armour: Robe              |    13 |    16 |     9 ||    38
         Skin              |       |     3 |       ||     3
  Dodge: Dodged            |    13 |    15 |     6 ||    34

Table legend: (Time is in decaauts)
 A = Elapsed time spent in this place.
 B = Non-inter-level travel time spent in this place.
 C = Inter-level travel time spent in this place.
 D = Time resting spent in this place.
 E = Time spent auto-exploring this place.
 F = Levels seen in this place.
 G = Mean time per level.
                   A        B        C        D        E       F      G
               +--------+--------+--------+--------+--------+-----+--------+
         Total |   4869 |   4483 |    386 |     19 |   3990 |   5 |  973.8 |
       Dungeon |   4869 |   4483 |    386 |     19 |   3990 |   5 |  973.8 |
               +--------+--------+--------+--------+--------+-----+--------+

Top non-repeatable levels by time:
     D:2: 2455 daAuts
     D:1: 1408 daAuts
     D:3: 691 daAuts
     D:4: 283 daAuts
     D:6: 32 daAuts

Levels and vault maps discovered:
D:1:      ebering_hopf_link, layout_basic, minmay_misc_feat_diagonals
D:2:      layout_basic, grunt_ministairs_9, minmay_misc_feat_secret_circle,
          uniq_natasha
D:3:      layout_loops_ring, okawaru_gym_becter
D:4:      layout_basic, mainiacjoe_overflow_chevrons, roderic_lattice_a,
          kennysheep_generic_room_2
D:6:      layout_rooms, nicolae_gozag_cash_rules_everything_around_me,
          uniq_jeremiah

Table legend: (Time is in decaauts)
 A = Elapsed time spent in this place.
 B = Non-inter-level travel time spent in this place.
 C = Inter-level travel time spent in this place.
 D = Time resting spent in this place.
 E = Time spent auto-exploring this place.
 F = Levels seen in this place.
 G = Mean time per level.
                   A        B        C        D        E       F      G
               +--------+--------+--------+--------+--------+-----+--------+
         Total |   4869 |   4483 |    386 |     19 |   3990 |   5 |  973.8 |
       Dungeon |   4869 |   4483 |    386 |     19 |   3990 |   5 |  973.8 |
               +--------+--------+--------+--------+--------+-----+--------+

Top non-repeatable levels by time:
     D:2: 2455 daAuts
     D:1: 1408 daAuts
     D:3: 691 daAuts
     D:4: 283 daAuts
     D:6: 32 daAuts

Table legend:
 A = Kills in this place as a percentage of kills in the entire game.
 B = Kills by you in this place as a percentage of kills by you in the entire game.
 C = Kills by friends in this place as a percentage of kills by friends in the entire game.
 D = Other kills in this place as a percentage of other kills in the entire game.
 E = Experience gained in this place as a percentage of experience gained in the entire game.
 F = Experience gained in this place divided by the number of levels of this place that you have seen.
                   A       B       C       D       E      F
               +-------+-------+-------+-------+-------+----------------------
         Total | 100.0 | 100.0 |   N/A |   N/A | 100.0 | 212.0
       Dungeon | 100.0 | 100.0 |   N/A |   N/A | 100.0 | 212.0
               +-------+-------+-------+-------+-------+----------------------
